 Dungeon Crawl Stone Soup version 0.28-a0-1567-g1695149f81 (webtiles) character file.

Game seed: 1198163338012643635

150 a3don the Ruffian (level 5, -1/48 HPs)
             Began as a Troll Transmuter on Jan 20, 2022.
             Slain by Pikel (5 damage)
             ... on level 4 of the Dungeon.
             The game lasted 00:05:12 (2205 turns).

a3don the Ruffian (Troll Transmuter)                Turns: 2205, Time: 00:05:13

Health: -1/48      AC:  4    Str: 18    XL:     5   Next: 10%
Magic:  6/6        EV: 10    Int: 11    God:
Gold:   67         SH:  0    Dex: 10    Spells: 4/7 levels left

rFire   . . .      SeeInvis .     - Unarmed
rCold   . . .      Faith    .   (no shield)
rNeg    . . .      Spirit   .   a - +0 robe
rPois   .          Reflect  .   (helmet currently unavailable)
rElec   .          Harm     .   (no cloak)
rCorr   .          Rampage  .   (gloves unavailable)
Will    .....                   (boots unavailable)
Stlth   +.........              (no amulet)
HPRegen 0.96/turn               (no ring)
MPRegen 0.10/turn               (no ring)

@: appendages (expiring)
A: horns 2, talons 2, large, unfitting armour, claws 3, regeneration 1, shaggy
fur 1, tough skin 1
a: End Transformation


You were on level 4 of the Dungeon.
You had temporarily grown beastly horns and talons.
You visited 1 branch of the dungeon, and saw 4 of its levels.

You collected 67 gold pieces.

Inventory:

Hand Weapons
 j - a +0 hunting sling
 o - a +2 antimagic hand axe
 p - a +0 mace
Missiles
 f - 54 sling bullets
Armour
 a - a +0 robe (worn)
 n - a +0 kite shield
Magical Staves
 h - a staff of air
Jewellery
 r - a ring of willpower
Scrolls
 d - a scroll of immolation {unknown}
 e - a scroll of fog {unknown}
 g - a scroll of holy word {unknown}
 i - 2 scrolls of identify {unknown}
 k - 2 scrolls of blinking {unknown}
 q - a scroll of enchant weapon {unknown}
 s - a scroll of teleportation {unknown}
Potions
 b - a potion of attraction {unknown}
 c - 2 potions of magic {unknown}
 l - a potion of curing {unknown}
 m - a potion of heal wounds {unknown}


   Skills:
 + Level 1.6 Fighting
 + Level 2.2 Dodging
 * Level 1.1 Shields
 + Level 3.6 Unarmed Combat
 + Level 1.7 Spellcasting
 * Level 2.0 Transmutations
 + Level 0.0 Ice Magic


You had 4 spell levels left.
You knew the following spells:

 Your Spells              Type           Power      Damage    Failure   Level
a - Beastly Appendage     Tmut           10%        N/A       13%         1
b - Wereblood             Tmut           5%         N/A       19%         2

Your spell library contained the following spells:

 Spells                   Type           Power      Damage    Failure   Level
 Spider Form              Tmut/Pois      3%         N/A       52%         3
 Ice Form                 Ice/Tmut       3%         N/A       88%         4


Dungeon Overview and Level Annotations

Branches:
Dungeon (4/15)
 Temple: D:4-7

Altars:
Trog

Annotations:
D:4 Pikel


Innate Abilities, Weirdness & Mutations

You have temporarily grown beastly horns and talons.
You are too large for most types of armour.
You have claws for hands.
Your natural rate of healing is unusually fast.
You are covered in fur. (AC +1)
You have tough skin. (AC +1)


Message History

You barely miss the lemure. Your kick misses the lemure.
The lemure hits you but does no damage.
You barely miss the lemure. Your kick misses the lemure. The lemure hits you.
You closely miss the lemure. Your kick misses the lemure.
Your transformation is almost over.
You hear a shout!
A lemure comes into view.
You miss the lemure. You claw the lemure.
The lemure is lightly wounded.
The lemure hits you but does no damage.
You miss Pikel. Your kick misses Pikel. You headbutt Pikel.
Pikel is lightly wounded.
The lemure hits you!
You scratch Pikel. Your kick misses Pikel. Your headbutt misses Pikel.
Pikel is lightly wounded.
Pikel barely misses you.
You scratch Pikel. Your kick misses Pikel. Your headbutt misses Pikel.
You claw Pikel!
Pikel is heavily wounded.
The lemure hits you!
Pikel hits you with a +1 whip of flaming.
Pikel burns you.
* * * LOW HITPOINT WARNING * * *
You closely miss Pikel. You claw Pikel. Your headbutt misses Pikel.
Pikel is heavily wounded.
The lemure hits you.
* * * LOW HITPOINT WARNING * * *
Pikel barely misses you.
You miss Pikel. You claw Pikel, but do no damage.
Pikel is heavily wounded.
The lemure hits you but does no damage.
Pikel hits you with a +1 whip of flaming.
* * * LOW HITPOINT WARNING * * *
Pikel burns you.
* * * LOW HITPOINT WARNING * * *
You closely miss Pikel. Your kick misses Pikel.
Pikel is heavily wounded.
The lemure barely misses you.
Pikel hits you with a +1 whip of flaming.
You die...

#..# #.# ##...#
#... #..
#....##
#.5##..##.....#
#5.##.#....#.#
#...##.....###
#...#.....#
#.5......#
###5.......#
#.@K######...
#..### ###.
#>..# ......
..... .#... ###


You could see Pikel and 2 lemures.

Vanquished Creatures
  2 lemures (D:4)
  An orc priest (D:3)
  6 adders
  A worm (D:3)
  A dart slug (D:1)
  5 orcs (D:3)
  8 endoplasms
  3 goblins
  5 hobgoblins
  5 kobolds
  2 quokkas (D:1)
  7 ball pythons
  7 bats
  6 frilled lizards
  4 rats
63 creatures vanquished.

Vanquished Creatures (others)
  A plant (D:1)
1 creature vanquished.

Grand Total: 64 creatures vanquished

Notes
Turn   | Place    | Note
-------+----------+-------------------------------------------
     0 | D:1      | a3don the Troll Transmuter began the quest for the Orb.
     0 | D:1      | Reached XP level 1. HP: 18/18 MP: 1/1
   124 | D:1      | Reached skill level 1 in Fighting
   124 | D:1      | Reached XP level 2. HP: 27/27 MP: 3/3
   150 | D:1      | Found a faded altar of an unknown god.
   568 | D:2      | Reached XP level 3. HP: 33/33 MP: 2/4
   571 | D:2      | Learned a level 2 spell: Wereblood
  1026 | D:2      | Reached XP level 4. HP: 41/41 MP: 3/5
  1767 | D:3      | Reached skill level 1 in Shields
  1787 | D:3      | Found a bloodstained altar of Trog.
  1793 | D:3      | Reached XP level 5. HP: 48/48 MP: 4/6
  2171 | D:4      | Noticed a lemure
  2171 | D:4      | Noticed a lemure
  2186 | D:4      | Killed a lemure
  2190 | D:4      | Killed a lemure
  2193 | D:4      | Noticed a lemure
  2194 | D:4      | Noticed Pikel
  2198 | D:4      | Noticed a lemure
  2205 | D:4      | Slain by Pikel

Illustrated notes

Levels and vault maps discovered:
D:1:      scummos_arrival_gate, layout_rooms,
          shapermc_ecumenical_altar_acropolis
D:2:      layout_loops_ring, chequers_jeans
D:3:      layout_basic, mainiacjoe_overflow_brackets
D:4:      layout_cave_pods, nicolae_dithmenos_the_darkroom, uniq_pikel

Skill      XL: |  1  2  3  4 |
---------------+-------------+-----
Fighting       | 1 |  1.6
Dodging        | 2 |  2.2
Transmutations | 2 |  2.0
Shields        | 1 |  1.1
Unarmed Combat | |  3.6
Spellcasting   | |  1.7

Action                   |  1- 3 |  4- 6 || total
-------------------------+-------+-------++-------
Melee: Unarmed           |    75 |    66 ||   141
       Kick              |     5 |    14 ||    19
       Headbutt          |     6 |     5 ||    11
       Punch             |       |     2 ||     2
 Cast: Beastly Appendage |    22 |    13 ||    35
Armor: Robe              |    32 |    19 ||    51
Dodge: Dodged            |    39 |    28 ||    67

Table legend: (Time is in decaauts)
 A = Elapsed time spent in this place.
 B = Non-inter-level travel time spent in this place.
 C = Inter-level travel time spent in this place.
 D = Time resting spent in this place.
 E = Time spent auto-exploring this place.
 F = Levels seen in this place.
 G = Mean time per level.
                   A        B        C        D        E       F      G
               +--------+--------+--------+--------+--------+-----+--------+
         Total |   2196 |   2151 |     45 |      3 |   1759 |   4 |  549.0 |
       Dungeon |   2196 |   2151 |     45 |      3 |   1759 |   4 |  549.0 |
               +--------+--------+--------+--------+--------+-----+--------+

Top non-repeatable levels by time:
     D:3: 869 daAuts
     D:2: 800 daAuts
     D:1: 477 daAuts
     D:4: 48 daAuts
